 Dungeon Crawl Stone Soup version 0.30-a0-715-gdb4ae3ece1 (webtiles) character file.

Game seed: 2697657747388857149

30 testman the Sneak (level 3, -4/20 HPs)
             Began as a Kobold Enchanter on Jan 23, 2023.
             Slain by Crazy Yiuf
             ... wielding a +2 quarterstaff of chaos
              (16 damage)
             ... on level 2 of the Dungeon.
             The game lasted 00:02:16 (912 turns).

testman the Sneak (Kobold Enchanter)                 Turns: 912, Time: 00:02:17

Health: -4/20      AC:  2    Str:  5    XL:     3   Next: 37%
Magic:  6/6        EV: 20    Int: 18    God:
Gold:   69         SH:  0    Dex: 15    Spells: 4/6 levels left

rFire   . . .      SeeInvis .    a - +1 dagger
rCold   + . .      Faith    .    (no shield)
rNeg    . . .      Spirit   .    b - +0 robe
rPois   .          Reflect  .    (no helmet)
rElec   .          Harm     .    (no cloak)
rCorr   .          Rampage  .    (no gloves)
Will    .....                    (no boots)
Stlth   ++++                     (no amulet)
HPRegen 0.23/turn                e - ring of protection from cold
MPRegen 0.10/turn                (no ring)

@: agile
A: small, no large weapons, nightstalker 3
a: no special abilities


You were on level 2 of the Dungeon.
You visited 1 branch of the dungeon, and saw 2 of its levels.

You collected 69 gold pieces.

Inventory:

Hand Weapons
 a - a +1 dagger (weapon)
Armour
 b - a +0 robe (worn)
Jewellery
 e - a ring of protection from cold (left hand)
Potions
 c - 2 potions of invisibility
 d - a potion of berserk rage {unknown}
 f - a potion of curing {unknown}
 g - 2 potions of heal wounds {unknown}
 h - 2 potions of brilliance {unknown}


   Skills:
 + Level 1.1 Fighting
 + Level 2.1 Short Blades
 - Level 2.4 Dodging
 + Level 4.3 Stealth
 + Level 2.4 Spellcasting
 + Level 3.2 Hexes
 + Level 0.5 Ice Magic


You had 4 spell levels left.
You knew the following spells:

 Your Spells              Type           Power      Damage    Failure   Level
a - Ensorcelled Hibernat  Hex/Ice        18%        N/A       12%         2

Your spell library contained the following spells:

 Spells                   Type           Power      Damage    Failure   Level
 Confusing Touch          Hex            13%        N/A       14%         3
 Tukima's Dance           Hex            13%        N/A       14%         3
 Scorch                   Fire           4%         2d5       26%         2
 Dazzling Flash           Conj/Hex       16%        N/A       26%         3
 Ozocubu's Armour         Ice            4%         N/A       38%         3
 Flame Wave               Conj/Fire      2%         2d4       86%         4
 Summon Cactus Giant      Summ           1%         N/A       100%        6
 Ozocubu's Refrigeration  Ice            2%         4d7       100%        7


Dungeon Overview and Level Annotations

Branches:
Dungeon (2/15)

Altars:

Shops:
D:1 (

Annotations:
D:2 Crazy Yiuf


Innate Abilities, Weirdness & Mutations

You are small and have problems with some larger weapons.
You are completely attuned to the shadows.


Message History

(D) Dungeon
Where to? (? - help)
There is a stone staircase leading down here.
You climb downwards.
There is a stone staircase leading up here.
A quokka comes into view.
Found 18 gold pieces and a fuming dark potion.
A goblin comes into view. It is wielding a +0 club.
The helpless quokka fails to defend itself.
You impale the quokka!!
You kill the quokka!
Found a stone staircase leading down.
You see here a quokka corpse.
The helpless goblin fails to defend itself.
You impale the goblin!!
You kill the goblin!
g - 2 fuming dark potions (gained 1)
A rat comes into view.
The helpless rat fails to defend itself.
You impale the rat!!
You kill the rat!
You now have 56 gold pieces (gained 18).
You now have 69 gold pieces (gained 13).
Found a runed translucent door.
Found a runed hammer.
You open the door.
There is an open translucent door here.
The helpless Crazy Yiuf fails to defend himself.
You puncture Crazy Yiuf!
Crazy Yiuf is almost dead.
Crazy Yiuf misses you.
You closely miss Crazy Yiuf.
Crazy Yiuf is almost dead.
Crazy Yiuf hits you with a +2 quarterstaff of chaos!
You feel agile all of a sudden.
You barely miss Crazy Yiuf.
Crazy Yiuf is almost dead.
Crazy Yiuf hits you with a +2 quarterstaff of chaos!
Ouch! That really hurt!
You die...

#####
#.g)#
#.@.#
#...#
##'##
♣♣.♣
♣.♣♣
♣♣.♣
♣.♣♣
♣♣.♣♣
♣...♣♣


You could see Crazy Yiuf.

Vanquished Creatures
  A bat (D:1)
  4 giant cockroaches (D:1)
  4 goblins
  A hobgoblin (D:1)
  2 kobolds (D:1)
  A quokka (D:2)
  9 ball pythons (D:1)
  2 frilled lizards (D:1)
  3 rats
27 creatures vanquished.

Vanquished Creatures (others)
  2 plants (D:1)
2 creatures vanquished.

Grand Total: 29 creatures vanquished

Notes
Turn   | Place    | Note
-------+----------+-------------------------------------------
     0 | D:1      | testman the Kobold Enchanter began the quest for the Orb.
     0 | D:1      | Reached XP level 1. HP: 10/10 MP: 3/3
    82 | D:1      | Reached XP level 2. HP: 16/16 MP: 5/5
   137 | D:1      | Learned a level 2 spell: Ensorcelled Hibernation
   344 | D:1      | Found Otioh's Antique Weapon Emporium.
   355 | D:1      | Reached skill level 1 in Fighting
   758 | D:1      | Reached XP level 3. HP: 20/20 MP: 6/6
   902 | D:2      | Found a runed translucent door.
   905 | D:2      | Noticed Crazy Yiuf
   912 | D:2      | Slain by Crazy Yiuf

Illustrated notes

Levels and vault maps discovered:
D:1:      enne_arrival_octagon_isle, layout_basic, serial_shops,
          nicolae_diamond_shop, wad_floor_pattern_2, minmay_shallow_snake_nest
D:2:      layout_basic, serial_shops, shop_fountains, nicolae_shop_statue_plus,
          shop, shapermc_ecumenical_altar_hornbeckon, uniq_crazy_yiuf_cottage

Skill      XL: |  1  2 |
---------------+-------+-----
Fighting       | 1 |  1.1
Short Blades   | 2 |  2.1
Dodging        | |  2.4
Stealth        | |  4.3
Spellcasting   | |  2.4
Hexes          | |  3.2
Ice Magic      | |  0.5

Action                     || total
---------------------------++-------
  Melee: Dagger            ||    76
   Stab: Sleeping          ||    13
 Armour: Robe              ||    10
  Dodge: Dodged            ||    50

Table legend: (Time is in decaauts)
 A = Elapsed time spent in this place.
 B = Non-inter-level travel time spent in this place.
 C = Inter-level travel time spent in this place.
 D = Time resting spent in this place.
 E = Time spent auto-exploring this place.
 F = Levels seen in this place.
 G = Mean time per level.
                   A        B        C        D        E       F      G
               +--------+--------+--------+--------+--------+-----+--------+
         Total |    904 |    902 |      2 |      0 |    725 |   2 |  452.0 |
       Dungeon |    904 |    902 |      2 |      0 |    725 |   2 |  452.0 |
               +--------+--------+--------+--------+--------+-----+--------+

Top non-repeatable levels by time:
     D:1: 847 daAuts
     D:2: 56 daAuts
